 Dungeon Crawl Stone Soup version 0.16-a0-328-gfd822c7 (webtiles) character file.

23 Ratboiler the Insei (level 2, 0/18 HPs)
             Began as an Octopode Transmuter on Sept 6, 2014.
             Succumbed to an adder's poison
             ... on Level 2 of the Dungeon.
             The game lasted 00:02:21 (845 turns).

Ratboiler the Insei (Octopode Transmuter)            Turns: 845, Time: 00:02:22

HP   0/18        AC  1     Str  9      XL: 2   Next: 95%
MP   0/4         EV 12     Int 15      God:
Gold 64          SH  0     Dex 12      Spells:  2 memorised,  2 levels left

rFire  . . .     SeeInvis +       - Unarmed
rCold  . . .     Clarity  .     (no shield)
rNeg   . . .     rCorr    .     (helmet restricted)
rPois  .         rRot     .     (no amulet)
rElec  .         Spirit   .     e - ring of see invisible
SustAb .         Warding  .     (no ring)
rMut   .         Stasis   .     (no ring)
Gourm  .                        (no ring)
MR     .....                    (no ring)
                                (no ring)
                                (no ring)
                                (no ring)

@: lethally poisoned, very slightly contaminated, invisible, not resistant to
hostile enchantments, unstealthy
A: almost no armour, amphibious, 8 rings, constrict 8, camouflage 1, gelatinous
body 1
a: no special abilities


You were on level 2 of the Dungeon.
You were not hungry.

You visited 1 branch of the dungeon, and saw 2 of its levels.

You collected 64 gold pieces.

Inventory:

Missiles
 b - 35 arrows
 j - 6 needles of sleeping
 m - 18 poisoned needles
Comestibles
 a - a bread ration
 f - a rotting chunk of bat flesh
 g - 2 chunks of goblin flesh
 i - 2 fruits
 n - a royal jelly
Scrolls
 c - 3 scrolls of identify {unknown}
 l - a scroll of remove curse {unknown}
Jewellery
 e - a ring of see invisible (left tentacle)
Books
 d - a book of Changes

   Spells                             Type                      Level
   *Beastly Appendage                 Transmutation                1
   *Sticks to Snakes                  Transmutation                2
   Spider Form                        Transmutation/Poison         3
   Ice Form                           Ice/Transmutation            4
   Blade Hands                        Transmutation                5


   Skills:
 - Level 1.0 Fighting
 - Level 2.0 Dodging
 + Level 4.0 Unarmed Combat
 - Level 2.0 Spellcasting
 - Level 2.0 Transmutations


You had 2 spell levels left.
You knew the following spells:

 Your Spells              Type           Power        Failure   Level  Hunger
a - Beastly Appendage     Trmt           #.....       12%         1    #......
b - Sticks to Snakes      Trmt           #.........   14%         2    ###....


Dungeon Overview and Level Annotations

Branches:
Dungeon (2/15)

Altars:
The Shining One


Innate Abilities, Weirdness & Mutations

You cannot wear most types of armour.
You are amphibious.
You can wear up to eight rings at the same time.
You can use your tentacles to constrict many enemies at once.
Your skin changes colour to match your surroundings (Stealth).
Your rubbery body absorbs attacks (AC +1).


Message History

You feel sick. The adder bites you.
* * * LOW HITPOINT WARNING * * *
You are more poisoned.
The adder poisons you!
You tentacle-slap the adder. You grab the adder. You tentacle-slap the adder.
You squeeze the adder.
You kill the adder!
Your Unarmed Combat skill increases to level 4!
* * * LOW HITPOINT WARNING * * *
You feel sick.
Unknown command.
Drink which item? (? for menu, Esc to quit)
You fade into invisibility!
It was a potion of invisibility.
* * * LOW HITPOINT WARNING * * *
You feel sick.
There is a lethal amount of poison in your body!
* * * LOW HITPOINT WARNING * * *
You feel sick.
You die...

#.# #.# #.# #.# #.#
####.# ...'.#
####.################.###
##...........@........
#######.#############.###
......#.# #####.#.# #.#S#
#.#.# #####.#.# ......#.#
#######.#


There were no monsters in sight!

Vanquished Creatures
  An adder (D:2)
  4 goblins
  A hobgoblin (D:1)
  4 bats (D:1)
  2 giant newts (D:1)
  A kobold (D:1)
  2 rats (D:1)
15 creatures vanquished.

Notes
Turn   | Place    | Note
--------------------------------------------------------------
     0 | D:1      | Ratboiler, the Octopode Transmuter, began the quest for the Orb.
     0 | D:1      | Reached XP level 1. HP: 13/13 MP: 3/3
    75 | D:1      | Found a glowing golden altar of the Shining One.
   158 | D:1      | Reached XP level 2. HP: 13/18 MP: 4/4
   162 | D:1      | Learned a level 2 spell: Sticks to Snakes
   842 | D:2      | Reached skill level 4 in Unarmed Combat
   845 | D:2      | Succumbed to an adder's poison

Action                   || total
-------------------------++-------
Melee: Unarmed           ||    35
 Cast: Sticks to Snakes  ||     1
       Beastly Appendage ||     1
  Use: Potion            ||     2
